AoeStats
← ccereal

Lombardia

509954780Analyzed
2v2 RM · 4d ago on Sep 28, 2026· 22m 57s· 4 players
Game mode
Random Map
Map size
Medium (4 player)
Population
200
Speed
Normal
Resources
Standard
Victory
Conquest
Starting age
Dark Age
Ending age
Imperial Age
RankedLock teamsTeams togetherTeam positionsShared explorationLock speedFull tech treeHidden civsTurbo modeCheats
Victory
Defeat
🇩🇪 Magyars · Germany
1610
+14
🇩🇪 Ethiopians · Germany
1607
+14
🇫🇷 Saracens · France
1611
-16
🇫🇷 Britons · France
1505
-12
ccereal
5:48 Loom
8:15 Feudal Age
8:52 Double-Bit Axe
21:49 Scale Barding Armor
21:55 Forging
Flybidi
6:13 Loom
8:49 Feudal Age
12:51 Fletching
14:01 Double-Bit Axe
dodo3011
6:38 Loom
8:59 Feudal Age
9:33 Double-Bit Axe
12:40 Fletching
21:34 Castle Age
20:30 Padded Archer Armor
20:15 Horse Collar
22:19 Bodkin Arrow
21:44 Crossbowman
Th1Raven
8:51 Feudal Age
10:06 Loom
10:37 Loom
10:57 Double-Bit Axe
11:46 Horse Collar
16:07 Scale Barding Armor
23:15 Castle Age
23:01 Bloodlines
Connection lost

Rejoining the realm…

Still unreachable

The connection could not be restored.

Session expired

The server has moved on; the page needs a fresh start.